 Dungeon Crawl Stone Soup version 0.27.0-1-g7a089689b8 (webtiles) character file.

Game seed: 13369711275759135962

94 EnegeticOcto the Shield-Bearer (level 4, -1/40 HPs)
             Began as a Minotaur Fighter on Aug 9, 2021.
             Slain by a gnoll (3 damage)
             ... on level 3 of the Dungeon.
             The game lasted 00:00:37 (1711 turns).

EnegeticOcto the Shield-Bearer (Minotaur Fighter)   Turns: 1711, Time: 00:00:38

Health: -1/40      AC:  7    Str: 21    XL:     4   Next: 38%
Magic:  3/3        EV:  7    Int:  5    God:
Gold:   144        SH:  9    Dex: 10    Spells: 3/3 levels left

rFire    . . .     SeeInvis .   a - +0 war axe
rCold    . . .     Faith    .   c - +0 kite shield
rNeg     . . .     Spirit   .   b - +0 scale mail
rPois    .         Reflect  .   (helmet restricted)
rElec    .         Harm     .   (no cloak)
rCorr    .         Rampage  .   (no gloves)
Will     .....                  (no boots)
Stlth    ..........             (no amulet)
HPRegen  0.13/turn              (no ring)
MPRegen  0.08/turn              (no ring)

@: no status effects
A: horns 2, retaliatory headbutt
a: no special abilities


You were on level 3 of the Dungeon.
You visited 1 branch of the dungeon, and saw 3 of its levels.

You collected 144 gold pieces.

Inventory:

Hand Weapons
 a - a +0 war axe (weapon)
Armour
 b - a +0 scale mail (worn)
 c - a +0 kite shield (worn)
Jewellery
 m - an amulet of faith
Scrolls
 f - 3 scrolls of teleportation {unknown}
 g - a scroll of brand weapon {unknown}
 i - 2 scrolls of identify {unknown}
 j - a scroll of torment {unknown}
Potions
 d - 2 potions of might {@q3}
 e - 3 potions of curing {unknown}
 h - 3 potions of berserk rage {unknown}
 k - 2 potions of brilliance {unknown}
 l - a potion of mutation {unknown}


   Skills:
 + Level 4.2 Fighting
 * Level 4.0 Axes
 + Level 4.2 Armour
 + Level 4.3 Shields


You had 3 spell levels left.
You didn't know any spells.
Your spell library was empty.

Dungeon Overview and Level Annotations

Branches:
Dungeon (3/15)

Altars:
Wu Jian


Innate Abilities, Weirdness & Mutations

You have a pair of horns on your head.
You reflexively headbutt those who attack you in melee.


Message History

No target in view!
No target in view!
No target in view!
Found an ornate altar of the Wu Jian Council.
f - 3 scrolls labelled VAK NAOLIY (gained 2)
You open the door. 4 gnolls come into view.
The gnoll shouts! x3
There are monsters nearby!
There are monsters nearby!
There are monsters nearby!
There are monsters nearby!
The gnoll hits you but does no damage. The gnoll barely misses you.
There is an open door here.
You barely miss the gnoll. The gnoll hits you but does no damage.
The gnoll barely misses you. The gnoll hits you but does no damage.
The gnoll closely misses you. You furiously retaliate!
You headbutt the gnoll! You block the gnoll's attack.
Your shield and scale mail prevent you from hitting the gnoll.
The gnoll is heavily wounded.
You closely miss the gnoll. x2; You block the gnoll's attack.
The gnoll hits you with a +0 flail. The gnoll hits you but does no damage.
The gnoll hits you from afar with a +0 spear.
You hit the gnoll but do no damage. Your headbutt misses the gnoll.
The gnoll is heavily wounded.
You hit the gnoll but do no damage. You closely miss the gnoll.
The gnoll hits you with a +0 flail! The gnoll hits you but does no damage.
The gnoll hits you from afar with a +0 spear.
The gnoll barely misses you. x2; You block the gnoll's attack.
The gnoll hits you but does no damage. x2
You are too injured to fight recklessly!
You are too injured to fight recklessly!
You are too injured to fight recklessly!
You are too injured to fight recklessly!
You are too injured to fight recklessly!
You are too injured to fight recklessly!
You are too injured to fight recklessly!
You are too injured to fight recklessly!
You are too injured to fight recklessly!
You are too injured to fight recklessly!
You are too injured to fight recklessly!
You are too injured to fight recklessly!
You are too injured to fight recklessly!
You are too injured to fight recklessly!
You are too injured to fight recklessly!
You are too injured to fight recklessly!
You hit the gnoll.
The gnoll is almost dead.
You hit the gnoll. You slash the gnoll! You block the gnoll's attack. x2
The gnoll closely misses you. You furiously retaliate!
You headbutt the gnoll, but do no damage.
The gnoll hits you but does no damage.
You hit the gnoll but do no damage.
The gnoll is almost dead.
You hit the gnoll. You closely miss the gnoll.
The gnoll hits you with a +0 flail. You block the gnoll's attack.
The gnoll closely misses you. The gnoll hits you but does no damage.
The gnoll barely misses you. You furiously retaliate!
You headbutt the gnoll. The gnoll completely misses you.
The gnoll hits you from afar with a +0 spear.
The gnoll hits you with a +0 whip.
You closely miss the gnoll.
The gnoll is almost dead.
You slash the gnoll!
You kill the gnoll!
You completely miss the gnoll. The gnoll completely misses you.
The gnoll hits you but does no damage.
The gnoll hits you from afar with a +0 spear.
* * * LOW HITPOINT WARNING * * *
You closely miss the gnoll. Your headbutt misses the gnoll.
The gnoll is almost dead.
You closely miss the gnoll. The gnoll barely misses you.
The gnoll closely misses you. You block the gnoll's attack. x2
The gnoll hits you but does no damage. The gnoll barely misses you.
You slash the gnoll!
You kill the gnoll!
You closely miss the gnoll. The gnoll hits you but does no damage.
The gnoll hits you with a +0 whip.
* * * LOW HITPOINT WARNING * * *
Your Axes skill increases to level 4!
You closely miss the gnoll.
The gnoll is almost dead.
The gnoll hits you but does no damage. The gnoll hits you with a +0 whip.
* * * LOW HITPOINT WARNING * * *
The gnoll hits you with a +0 whip.
* * * LOW HITPOINT WARNING * * *
The gnoll hits you from afar with a +0 spear.
* * * LOW HITPOINT WARNING * * *
You block the gnoll's attack. x2
Things that are here:
a +0 flail; a gnoll corpse You closely miss the gnoll. x2; The gnoll hits you with a +0 spear.
* * * LOW HITPOINT WARNING * * *
The gnoll hits you but does no damage.
You hit the gnoll. You headbutt the gnoll!
You kill the gnoll!
You hit the gnoll but do no damage. The gnoll hits you with a +0 whip.
* * * LOW HITPOINT WARNING * * *
The gnoll hits you with a +0 whip.
You die...

##.######## #.###
##.....## #.#.##
##.......##
###....####.........#
..........+.........+
###....####.........#
###.#.## #.......#
.......# #..)..#
###.##.# #)g@# #.##.#
##'###
#.##.########...##
#..........##.#..#
#.##.###.#.......#
......# #.#.#._.#.#
###.#### #.#.......#
# #.###...### #.#
##....


You could see a gnoll.

Vanquished Creatures
  An orc wizard (D:3)
  3 gnolls (D:3)
  2 dart slugs
  4 orcs (D:3)
  4 bats (D:1)
  2 endoplasms
  8 goblins
  5 hobgoblins (D:1)
  2 jackals (D:1)
  A kobold (D:1)
  A quokka (D:1)
  A ball python (D:1)
  4 frilled lizards (D:1)
  3 rats
41 creatures vanquished.

Vanquished Creatures (others)
  5 fungi (D:2)
  2 toadstools (D:2)
7 creatures vanquished.

Grand Total: 48 creatures vanquished

Notes
Turn   | Place    | Note
-------+----------+-------------------------------------------
     0 | D:1      | EnegeticOcto the Minotaur Fighter began the quest for the
                  | Orb.
     0 | D:1      | Reached XP level 1. HP: 19/19 MP: 0/0
   171 | D:1      | Reached XP level 2. HP: 27/27 MP: 1/1
   593 | D:1      | Reached XP level 3. HP: 33/33 MP: 2/2
  1480 | D:3      | Reached XP level 4. HP: 28/40 MP: 3/3
  1684 | D:3      | Found an ornate altar of the Wu Jian Council.
  1711 | D:3      | HP: 2/40 [gnoll (2)]
  1711 | D:3      | Slain by a gnoll

Illustrated notes

Levels and vault maps discovered:
D:1:      shiori_shiawase, layout_basic
D:2:      layout_basic, minmay_misc_feat_more_columns, minmay_gold_behind_fungi,
          chequers_serial_rivers_room_a
D:3:      layout_loops_corners, mainiacjoe_overflow_tiny_flanked,
          shapermc_ecumenical_altar_flowoftime

Skill      XL: |  1  2  3  4 |
---------------+-------------+-----
Axes           | 3 4 |  4.0
Shields        | 4 |  4.3
Armour         | 4 |  4.2
Fighting       | 4 |  4.2

Action                   |  1- 3 |  4- 6 || total
-------------------------+-------+-------++-------
Melee: War axe           |    71 |    18 ||    89
       Headbutt          |     8 |     1 ||     9
Armor: Scale mail        |    38 |    17 ||    55
Dodge: Dodged            |    27 |    17 ||    44
Block: Kite shield       |    40 |    13 ||    53
